 Dungeon Crawl Stone Soup version 0.26-a0-1060-g086102a3f0 (webtiles) character file.

Game seed: 4045781388756946058

2007 Zonian the Destroyer (level 9, 0/52 HPs)
             Began as a Tengu Conjurer on Dec 13, 2020.
             Was an Initiate of Gozag.
             Slain by a two-headed ogre
             ... wielding a +0 dire flail
              (3 damage)
             ... on level 8 of the Dungeon.
             The game lasted 00:24:22 (13081 turns).

Zonian the Destroyer (Tengu Conjurer)              Turns: 13081, Time: 00:24:31

Health: 0/52       AC:  8    Str:  7    XL:     9   Next: 22%
Magic:  0/17       EV: 17    Int: 19    God:    Gozag
Gold:   703        SH:  0    Dex: 16    Spells: 14/17 levels left

rFire    . . .     SeeInvis .   t - +2 dagger (elec)
rCold    . . .     Faith    .   (no shield)
rNeg     . . .     Spirit   +   d - +0 leather armour
rPois    .         Reflect  .   (helmet restricted)
rElec    .         Harm     .   i - +0 cloak
rCorr    +         Rampage  .   (no gloves)
Will     .....                  (boots unavailable)
Stlth    +++.......             F - amulet of guardian spirit
HPRegen  0.17/turn              C - ring of resist corrosion
MPRegen  0.15/turn              J - +4 ring of protection

@: flying quickly and evasively, quick
A: beak, talons 3, able to fly
a: Stop Flying, Potion Petition, Call Merchant, Bribe Branch, Renounce Religion


You were on level 8 of the Dungeon.
You worshipped Gozag.
Gozag was pleased with you.
You visited 2 branches of the dungeon, and saw 11 of its levels.

You collected 790 gold pieces.
You paid 87 gold pieces to Gozag.

Inventory:

Hand Weapons
 h - a +2 hand axe of flaming
 k - a +2 scimitar of flaming
 o - a +1 spear of flaming
 t - a +2 dagger of electrocution (weapon)
 D - a +0 morningstar of protection
 G - a +4 spear
Missiles
 f - 13 poisoned darts
 g - 73 sling bullets
 r - 4 javelins
 w - 2 throwing nets
 y - 20 boomerangs
Armour
 a - a +0 robe
 d - a +0 leather armour (worn)
 i - a +0 cloak (worn)
 B - +0 swamp dragon scales
Magical Staves
 z - an uncursed staff of air
Jewellery
 e - an uncursed amulet of reflection
 C - a ring of resist corrosion (left hand)
 F - an amulet of guardian spirit (around neck)
 H - an uncursed ring of flight
 J - a +4 ring of protection (right hand)
Wands
 A - a wand of random effects (16)
 E - a wand of enslavement (11)
Scrolls
 l - a scroll of amnesia
 n - 3 scrolls of identify
 u - a scroll of fog
 v - 3 scrolls of remove curse
 x - 2 scrolls of teleportation
Potions
 b - 2 potions of cancellation
 c - 2 potions of heal wounds
 j - a potion of lignification
 m - 3 potions of curing
 p - a potion of magic
 q - a potion of berserk rage
 s - a potion of ambrosia
 I - a potion of attraction {unknown}


   Skills:
 + Level 4.4 Fighting
 + Level 4.6 Short Blades
 + Level 5.6 Dodging
 + Level 5.5 Stealth
 + Level 4.9 Spellcasting
 + Level 8.6 Conjurations


You had 14 spell levels left.
You knew the following spells:

 Your Spells              Type           Power        Failure   Level
a - Magic Dart            Conj           ####         1%          1
b - Searing Ray           Conj           #####.       1%          2

Your spell library contained the following spells:

 Spells                   Type           Power        Failure   Level
 Dazzling Flash           Conj/Hex       ###...       10%         3
 Fulminant Prism          Conj/Hex       ###.......   32%         4
 Iskenderun's Mystic Bla  Conj/Tloc      ###.....     32%         4


Dungeon Overview and Level Annotations

Branches:
Dungeon (10/15)            Temple (1/1) D:5
   Lair: D:8-11         Orc: D:9-12

Altars:
Ashenzari
Cheibriados
Dithmenos
Elyvilon
Fedhas
Gozag
Hepliaklqana
Kikubaaqudgha
Makhleb
Okawaru
Qazlal
Sif Muna
Trog
Uskayaw
Vehumet
Wu Jian
Xom
Yredelemnul
Zin
The Shining One

Shops:
D:7 [

Annotations:
D:4 Pikel


Innate Abilities, Weirdness & Mutations

You have a beak for a mouth.
You have claws for feet.
You can fly continuously.


Message History

Unknown command.
Casting: Magic Dart (safe; 1% risk of failure)
Confirm with . or Enter, or press ? or * to list all spells.
Aiming: Searing Ray (safe; 1% risk of failure)
Press: ? - help, Shift-Dir - straight line, f/p - two-headed ogre
Aim: a two-headed ogre, wielding a +0 dire flail and a +0 giant club (heavily wounded, 9% to evade)
The searing ray hits the two-headed ogre!
The two-headed ogre is heavily wounded. (Press . to maintain the ray.)
The searing ray hits the two-headed ogre!
The two-headed ogre is severely wounded.
The two-headed ogre hits you with a +0 dire flail.
The two-headed ogre hits you with a +0 giant club!
The searing ray hits the two-headed ogre!
The two-headed ogre is almost dead.
The two-headed ogre hits you with a +0 dire flail!!
* * * LOW HITPOINT WARNING * * *
The two-headed ogre hits you with a +0 giant club.
You die...
Your body crumbles into a pile of gold.

#.....### #..#
##.......###..#
...........#>.#
..............######..
......................
...............^##....
...............## .
........O......#
.......@........#
................#
............#....#
...........##....#
..........## ..
.........## .........#
.......###


You could see a two-headed ogre.

Vanquished Creatures
  Maggie (D:6)
  Menkaure (D:6)
  2 ice beasts
  2 ogres
  A necrophage (D:7)
  5 centaurs
  2 lemures (D:4)
  2 scorpions
  A wight (D:9)
  2 hounds
  2 orc priests (D:3)
  A bullfrog zombie (D:5)
  4 iguanas
  5 worker ants
  3 worker ant zombies
  Robin (D:3)
  A howler monkey zombie (D:6)
  9 adders
  A white imp (D:7)
  2 oozes
  2 dart slugs
  2 worms
  4 leopard geckos
  7 orcs
  A ball python (D:1)
  A giant cockroach (D:2)
  2 gnoll zombies (D:5)
  4 hobgoblins
  3 jackals (D:3)
  10 kobolds
  3 quokkas
  11 bats
  4 frilled lizards
  16 goblins
  A leopard gecko zombie (D:5)
  13 rats
132 creatures vanquished.

Vanquished Creatures (others)
  A leopard gecko (D:3)
  A hobgoblin (D:3)
2 creatures vanquished.

Grand Total: 134 creatures vanquished

Notes
Turn   | Place    | Note
-------+----------+-------------------------------------------
     0 | D:1      | Zonian the Tengu Conjurer began the quest for the Orb.
     0 | D:1      | Reached XP level 1. HP: 10/10 MP: 4/4
   172 | D:1      | Reached XP level 2. HP: 15/15 MP: 3/6
   175 | D:1      | Learned a level 2 spell: Searing Ray
   668 | D:1      | Reached skill level 6 in Conjurations
  1106 | D:2      | Reached XP level 3. HP: 19/19 MP: 4/7
  1947 | D:2      | Found a glowing silver altar of Zin.
  1967 | D:2      | Found a snail-covered altar of Cheibriados.
  2076 | D:2      | Found a broken altar of Ashenzari.
  2098 | D:2      | Reached XP level 4. HP: 22/24 MP: 4/8
  2203 | D:2      | Found a shimmering altar of Xom.
  2330 | D:2      | Found a faded altar of an unknown god.
  2531 | D:3      | Reached skill level 1 in Fighting
  3291 | D:3      | Noticed Robin
  3296 | D:3      | Killed Robin
  3576 | D:3      | Gained mutation: You can fly continuously. [Tengu growth]
  3576 | D:3      | Reached XP level 5. HP: 27/29 MP: 10/10
  3632 | D:3      | Found a stormy altar of Qazlal.
  4858 | D:3      | Reached skill level 1 in Short Blades
  5660 | D:4      | Noticed a lemure
  5661 | D:4      | Noticed Pikel
  5661 | D:4      | Noticed a lemure
  5661 | D:4      | Noticed a lemure
  5664 | D:4      | Noticed a lemure
  5789 | D:4      | Reached XP level 6. HP: 35/35 MP: 11/11
  6891 | D:5      | Entered Level 5 of the Dungeon
  6910 | D:5      | Found a staircase to the Ecumenical Temple.
  6934 | Temple   | Entered the Ecumenical Temple
  7320 | Temple   | Became a worshipper of Gozag Ym Sagoz the Greedy
  7334 | D:5      | Found a stormy altar of Qazlal.
  7458 | D:5      | Found a basalt altar of Yredelemnul.
  7488 | D:5      | Reached skill level 7 in Conjurations
  7723 | D:5      | Reached XP level 7. HP: 40/40 MP: 6/13
  8433 | D:5      | Found an ancient bone altar of Kikubaaqudgha.
  8520 | D:5      | Found a faded altar of an unknown god.
  8520 | D:5      | Found an ornate altar of the Wu Jian Council.
  8525 | D:5      | Found a faded altar of an unknown god.
  8527 | D:5      | Found a shadowy altar of Dithmenos.
  8529 | D:5      | Found a radiant altar of Vehumet.
  8562 | D:6      | Found a shimmering blue altar of Sif Muna.
  8984 | D:6      | Noticed Menkaure
  9196 | D:6      | Reached XP level 8. HP: 22/46 MP: 8/14
 10337 | D:6      | Noticed Maggie
 11131 | D:6      | Killed Menkaure
 11132 | D:6      | Reached skill level 8 in Conjurations
 11431 | D:6      | Killed Maggie
 11432 | D:6      | Reached skill level 5 in Dodging
 11432 | D:6      | Reached skill level 5 in Stealth
 11643 | D:7      | Reached XP level 9. HP: 52/52 MP: 15/17
 11758 | D:7      | Found Ganic's Antique Armour Shoppe.
 12611 | D:7      | You are sucked into a shaft and drop 3 floors!
 12611 | D:10     | Entered Level 10 of the Dungeon
 13070 | D:8      | Noticed a two-headed ogre
 13081 | D:8      | Slain by a two-headed ogre

Illustrated notes

Levels and vault maps discovered:
D:1:      lemuel_arrival_tunnels, layout_basic
D:2:      layout_rooms, lemuel_crystal_altar, nicolae_ashenzari_panopticon,
          overflow_temple_1_default, chequers_ecumenical_altar_simple,
          xom_teletrap_fun
D:3:      layout_basic, grunt_qazlal_clouds, uniq_robin
D:4:      layout_gridville, hangedman_abyss_or_decor_jellyfish_corner,
          uniq_pikel
D:5:      layout_cave_pools, lemuel_crystal_altar,
          chequers_temple_overflow_minitemple, lemuel_zombie_altar_yredelemnul,
          minmay_temple_entry_gardened_gates, basic_altar
D:6:      layout_cave_pools, basic_altar, uniq_menkaure, uniq_maggie
D:7:      cheibrodos_steamvent, layout_layer_cave, lemuel_crystal_altar,
          marbit_many_paths, serial_shops, shop, shop_statue
D:8:      layout_cave_pods, due_lair_maze_entry_diamond, serial_shops,
          shop_fountains
D:9:      layout_basic
D:10:     layout_grid_maze
Temple:   hc_temple_tempest_star

Skill      XL: |  1  2  3  4  5  6  7  8 |
---------------+-------------------------+-----
Conjurations   | 6 7 8 |  8.6
Fighting       | 1 2 3 4 |  4.4
Dodging        | 3 4 5 |  5.6
Stealth        | 3 4 5 |  5.5
Short Blades   | 1 2 4 |  4.6
Spellcasting   | 3 4 |  4.9

Action                   |  1- 3 |  4- 6 |  7- 9 || total
-------------------------+-------+-------+-------++-------
Melee: Unarmed           |     9 |       |       ||     9
       Kick              |     1 |     7 |    13 ||    21
       Peck              |     1 |     5 |     4 ||    10
       Dagger            |       |    36 |    57 ||    93
Throw: Dart              |       |       |     8 ||     8
 Cast: Magic Dart        |    69 |   137 |    87 ||   293
       Searing Ray       |       |     3 |     8 ||    11
 Abil: Fly               |       |     1 |       ||     1
  Use: Scroll            |     5 |    10 |     9 ||    24
       Potion            |       |       |     2 ||     2
 Stab: Sleeping          |       |       |     5 ||     5
       Distracted        |       |       |     2 ||     2
Armor: Leather armour    |     7 |    10 |     4 ||    21
Dodge: Dodged            |     8 |    29 |    33 ||    70
Block: Other             |       |    12 |    14 ||    26
       Reflection        |       |     2 |     3 ||     5

Table legend: (Time is in decaauts)
 A = Elapsed time spent in this place.
 B = Non-inter-level travel time spent in this place.
 C = Inter-level travel time spent in this place.
 D = Time resting spent in this place.
 E = Time spent auto-exploring this place.
 F = Levels seen in this place.
 G = Mean time per level.
                   A        B        C        D        E       F      G
               +--------+--------+--------+--------+--------+-----+--------+
         Total |  12766 |  12495 |    271 |   7292 |   3549 |  11 | 1160.5 |
       Dungeon |  12395 |  12135 |    260 |   7178 |   3435 |  10 | 1239.5 |
        Temple |    370 |    360 |     10 |    114 |    114 |   1 |  370.0 |
               +--------+--------+--------+--------+--------+-----+--------+

Top non-repeatable levels by time:
     D:3: 2525 daAuts
     D:6: 2261 daAuts
     D:5: 1972 daAuts
     D:4: 1557 daAuts
     D:1: 1361 daAuts
     D:2: 1323 daAuts
     D:7: 943 daAuts
  Temple: 370 daAuts
     D:9: 360 daAuts
     D:8: 80 daAuts
    D:10: 10 daAuts
